 Dungeon Crawl Stone Soup version 0.21.1-1-g345015fe64 (webtiles) character file.

49 KingHarkinian the Cudgeler (level 3, -1/23 HPs)
             Began as a Gargoyle Berserker on Apr 16, 2018.
             Was a Believer of Trog.
             Slain by a hound (2 damage)
             ... on level 2 of the Dungeon.
             The game lasted 00:04:57 (1559 turns).

KingHarkinian the Cudgeler (Gargoyle Berserker)     Turns: 1559, Time: 00:04:58

Health: -1/23      AC:  6    Str: 20    XL:     3   Next: 75%
Magic:  3/3        EV: 11    Int:  7    God:    Trog [**....]
Gold:   67         SH:  0    Dex: 10    Spells: 2/2 levels left

rFire    . . .     SeeInvis .   a - +0 mace
rCold    . . .     Gourm    .   (no shield)
rNeg     + . .     Faith    .   k - +0 leather armour
rPois    ∞         Spirit   .   (no helmet)
rElec    +         Reflect  .   (no cloak)
rCorr    .         Harm     .   (no gloves)
MR       .....                  (no boots)
Stlth    +.........             (no amulet)
HPRegen  0.07/turn              (no ring)
MPRegen  0.08/turn              (no ring)

@: berserk cooldown, slowed, very slow
A: negative energy resistance 1, electricity resistance, unbreathing,
petrification resistance, rot immunity, AC +3
a: Berserk, Trog's Hand, Burn Spellbooks, Renounce Religion


You were on level 2 of the Dungeon.
You worshipped Trog.
Trog was pleased with you.
You were very hungry.

You visited 1 branch of the dungeon, and saw 2 of its levels.

You collected 67 gold pieces.


Innate Abilities, Weirdness & Mutations

You are resistant to torment.
Your stone body is resilient. (AC +3)
You are immune to poison.
You resist negative energy. (rN+)
You are resistant to electric shocks. (rElec)
You can survive without breathing.
You are immune to petrification.
You are immune to rotting.


   Skills:
 - Level 3.2 Fighting
 * Level 4.6 Maces & Flails
 - Level 2.1 Armour
 - Level 1.5 Dodging


You had 2 spell levels left.
You didn't know any spells.

Inventory:

Hand Weapons
 a - a +0 mace (weapon)
Missiles
 h - 3 stones (quivered)
Armour
 b - a +0 animal skin
 k - a +0 leather armour (worn)
Scrolls
 c - a scroll of identify {unknown}
 e - a scroll of fog {unknown}
 f - a scroll of teleportation {unknown}
 j - a scroll of amnesia {unknown}
 l - a scroll of blinking {unknown}
Potions
 g - a potion of agility {unknown}
 i - a potion of brilliance {unknown}
Comestibles
 d - 8 chunks of flesh
 z - 2 rations

Dungeon Overview and Level Annotations

Branches:
Dungeon (2/15)

Altars:

......# .....###### #+#
.......... #.# #+##........
#. #.#####.##........ #.(.
#.......#.........
#....######.......#.........
#....(............#.........
#(........h@......#.########
##................#.########
#.........>......).........
#................#.########
#................#.#
#.%........(.....#.#
#(........(......#.#
+................#.#
...#####.#.#


You could see a hound.


Message History

The hound is severely wounded.
The hound completely misses you.
You closely miss the hound.
The hound is severely wounded.
You are no longer berserk.
You are exhausted.
You feel yourself slow down. The hound closely misses you.
You miss the hound.
The hound is severely wounded.
The hound bites you but does no damage. The hound misses you.
The hound bites you.
* * * LOW HITPOINT WARNING * * *
You closely miss the hound.
The hound is severely wounded.
The hound bites you.
* * * LOW HITPOINT WARNING * * *
The hound closely misses you. The hound closely misses you.
The hound closely misses you. The hound barely misses you.
The hound bites you but does no damage. The hound bites you.
* * * LOW HITPOINT WARNING * * *
You hit the hound.
The hound is almost dead.
The hound barely misses you. The hound bites you.
You die...

Action                   || total
-------------------------++-------
Melee: Mace              ||   121
Throw: Stone             ||    39
Invok: Berserk           ||     2
  Eat: Chunk             ||     3
Armor: Animal skin       ||    14
       Leather armour    ||    22
Dodge: Dodged            ||    72

Vault maps used:
D:1:      minmay_arrival_stair_chambers
D:2:      eat_drink_and_be_merry_uskayaw, first_ration

Notes
Turn   | Place    | Note
-------+----------+-------------------------------------------
     0 | D:1      | KingHarkinian the Gargoyle Berserker began the quest for the Orb.
     0 | D:1      | Reached XP level 1. HP: 14/14 MP: 1/1
   311 | D:1      | Reached XP level 2. HP: 19/19 MP: 2/2
   384 | D:1      | Reached skill level 4 in Maces & Flails
   672 | D:1      | Reached XP level 3. HP: 23/23 MP: 3/3
  1361 | D:2      | Reached ** piety under Trog
  1558 | D:2      | HP: 1/23 [hound (2)]
  1559 | D:2      | Slain by a hound

Vanquished Creatures
  A worm (D:2)
  2 dart slugs
  8 goblins
  7 hobgoblins
  5 jackals (D:1)
  5 kobolds
  2 bats
  3 frilled lizards
  4 rats
37 creatures vanquished.
